 Dungeon Crawl Stone Soup version 0.27.1 (webtiles) character file.

Game seed: 1893997875605016587

6924 bnorton916 the Jinx (level 10, -8/50 HPs)
             Began as a Deep Elf Conjurer on Aug 21, 2021.
             Was an Initiate of Gozag.
             Mangled by a komodo dragon (18 damage)
             ... on level 7 of the Dungeon.
             The game lasted 00:28:19 (17998 turns).

bnorton916 the Jinx (Deep Elf Conjurer)            Turns: 17998, Time: 00:28:20

Health: -8/50      AC: 10    Str:  3    XL:     10   Next: 80%
Magic:  7/19       EV: 15    Int: 26    God:    Gozag
Gold:   1148       SH:  0    Dex: 16    Spells: 2/19 levels left

rFire    . . .     SeeInvis +   v - +3 trident of Wariness {spect, Contam Will++ Dex+3 SInv}
rCold    + . .     Faith    .   (no shield)
rNeg     + . .     Spirit   .   w - +1 robe {rN+}
rPois    +         Reflect  .   b - +0 helmet of Lamibudd {rPois rC+ Will++ Str-2}
rElec    .         Harm     .   f - +0 cloak
rCorr    .         Rampage  .   (no gloves)
Will     +++++                  c - +0 pair of boots
Stlth    ++........             (no amulet)
HPRegen  0.16/turn              d - ring of wizardry
MPRegen  0.16/turn              x - +4 ring of protection

@: no status effects
A: no striking features
a: Renounce Religion, Potion Petition, Call Merchant, Bribe Branch


You were on level 7 of the Dungeon.
You worshipped Gozag.
Gozag was most pleased with you.
You visited 2 branches of the dungeon, and saw 9 of its levels.
You also visited: Sewer.

You collected 2072 gold pieces.
You spent 780 gold pieces at shops.
You paid 144 gold pieces to Gozag.

Inventory:

Hand Weapons
 l - a +2 short sword of venom
 q - a +1 dagger of electrocution
 r - a +1 rapier of speed
 v - the +3 trident of Wariness (weapon) {spect, Contam Will++ Dex+3 SInv}
   (You found it on level 6 of the Dungeon)

   When its wielder attacks, the weapon's spirit leaps out and strikes again.
   The spirit shares a part of any damage it takes with its wielder.
   Dex:       It affects your dexterity (+3).
   SInv:      It lets you see invisible.
   Contam:    It causes magical contamination when unequipped.
   Will:      It greatly increases your willpower.
 A - the +3 dagger "Ragiojaq" {vamp, Dex+2}
   (You found it on level 7 of the Dungeon)

   It occasionally heals its wielder for a portion of the damage dealt when it
   wounds a living foe.
   Dex:       It affects your dexterity (+2).
Missiles
 h - 275 stones
 n - a throwing net
Armour
 b - the +0 helmet of Lamibudd (worn) {rPois rC+ Will++ Str-2}
   (You took it off Robin on level 4 of the Dungeon)

   Str:       It affects your strength (-2).
   rC:        It protects you from cold.
   rPois:     It protects you from poison.
   Will:      It greatly increases your willpower.
 c - a +0 pair of boots (worn)
 f - a +0 cloak (worn)
 w - a +1 robe of positive energy (worn)
Magical Staves
 a - a staff of conjuration
Jewellery
 d - a ring of wizardry (left hand)
 m - a ring of protection from cold
 x - a +4 ring of protection (right hand)
Wands
 g - a wand of mindburst (5)
 y - a wand of polymorph (4)
Scrolls
 e - a scroll of blinking
 j - a scroll of amnesia
 k - a scroll of magic mapping
 o - 2 scrolls of fear
 p - 3 scrolls of teleportation
 t - a scroll of identify
Potions
 i - a potion of curing
 s - a potion of attraction {unknown}
 u - 2 potions of brilliance
 z - a potion of lignification


   Skills:
 - Level 4.0 Armour
 - Level 7.0 Dodging
 - Level 2.4 Stealth
 - Level 5.0 Spellcasting
 - Level 5.5 Conjurations
 - Level 10.6 Hexes
 - Level 9.0 Translocations
 + Level 8.7 Ice Magic


You had 2 spell levels left.
You knew the following spells:

 Your Spells              Type           Power      Damage    Failure   Level
a - Magic Dart            Conj           100%       1d8       1%          1
b - Searing Ray           Conj           70%        3d5       1%          2
c - Fulminant Prism       Conj/Hex       24%        3d13      1%          4
d - Iskenderun's Mystic   Conj/Tloc      44%        2d10      1%          4
e - Ozocubu's Armour      Ice            51%        N/A       1%          3
f - Mephitic Cloud        Conj/Pois/Air  16%        N/A       4%          3

Your spell library contained the following spells:

 Spells                   Type           Power      Damage    Failure   Level
 Corona                   Hex            64%        N/A       1%          1
 Ensorcelled Hibernation  Hex/Ice        100%       N/A       1%          2
 Slow                     Hex            58%        N/A       1%          2
 Call Imp                 Summ           6%         N/A       4%          2
 Sublimation of Blood     Necr           3%         N/A       4%          2
 Wereblood                Tmut           6%         N/A       4%          2
 Confusing Touch          Hex            58%        N/A       1%          3
 Dazzling Flash           Conj/Hex       96%        N/A       1%          3
 Tukima's Dance           Hex            58%        N/A       1%          3
 Vampiric Draining        Necr           3%         2d6       9%          3
 Ozocubu's Refrigeration  Ice            25%        4d10      54%         7
 Summon Hydra             Summ           3%         N/A       100%        7
 Summon Horrible Things   Summ           3%         N/A       100%        8


Dungeon Overview and Level Annotations

Branches:
Dungeon (8/15)             Temple (1/1) D:7           Sewer (visited)
   Lair: D:8-11

Altars:
Ashenzari
Cheibriados
Elyvilon
Gozag
Hepliaklqana
Kikubaaqudgha
Makhleb
Okawaru
Qazlal
Ru
Sif Muna
Trog
Uskayaw
Vehumet
Wu Jian
Yredelemnul
Zin
The Shining One

Shops:
D:2 :   D:4 :

Annotations:
D:6 2 transporters


Message History

The searing ray hits the komodo dragon!
The komodo dragon is heavily wounded.
The komodo dragon bites you!!
Casting: Searing Ray (safe; 1% risk of failure)
Confirm with . or Enter, or press ? or * to list all spells.
Restarting spell: Searing Ray (safe; 1% risk of failure)
Press: ? - help, Shift-Dir - straight line, f/p - komodo dragon
Aim: a komodo dragon (heavily wounded, 86% to hit)
The searing ray misses the komodo dragon. (Press . to maintain the ray.)
The komodo dragon closely misses you.
Unknown command.
The searing ray hits the komodo dragon.
The komodo dragon is severely wounded.
The komodo dragon misses you.
The searing ray misses the komodo dragon.
The komodo dragon misses you.
The searing ray hits the komodo dragon.
The komodo dragon is severely wounded.
You finish channeling your searing ray.
The komodo dragon misses you.
Unknown command.
Casting: Searing Ray (safe; 1% risk of failure)
Confirm with . or Enter, or press ? or * to list all spells.
Aiming: Searing Ray (safe; 1% risk of failure)
Press: ? - help, Shift-Dir - straight line, f/p - komodo dragon
Aim: a komodo dragon (severely wounded, 86% to hit)
The searing ray hits the komodo dragon but does no damage.
The komodo dragon is severely wounded. (Press . to maintain the ray.)
The komodo dragon bites you!!
* * * LOW HITPOINT WARNING * * *
The searing ray hits the komodo dragon.
The komodo dragon is almost dead.
The komodo dragon misses you.
Unknown command.
The searing ray hits the komodo dragon.
The komodo dragon is almost dead.
The komodo dragon bites you!!
You die...
Your body crumbles into a pile of gold.

#.........##C.#.#.#..##.##.......
#..##..(...#..#.#.#..##.##.###)##
...........##.#.#.#(##♣.♣##.#[..#
...P.P......#.#.#.#.##...##.##.##
....>.......##..#..##♣...♣##.#.#.
...P.P.......#.)#..##.....##.###.
...........#.##)#.##♣..♣..♣##.#.#
....#####..#..#l#.##.......##.#.#
.#### #..##.##@##♣.......♣##.##
## #..##..#.##..♣.♣.♣..##.## #
#..###.#############..### #
#..###.################## ###
##...##...................
..######....####...####...###...#
............#......###....# #...#
....................##...## #...#
..............###........## ##...


You could see a komodo dragon.

Vanquished Creatures
  A deep elf pyromancer (D:7)
  A cyclops (D:7)
  A komodo dragon (D:7)
  A hornet (D:8)
  A troll (D:7)
  6 yaks
  2 acid dragons
  Duvessa (D:5)
  4 water moccasins
  An orc warrior (D:7)
  6 ice beasts
  A sky beast (D:7)
  A black bear (D:8)
  2 necrophages
  An ogre (D:4)
  A phantom (D:6)
  2 centaurs
  3 kobold brigands
  5 bullfrogs
  A gnoll sergeant (D:6)
  Dowan (D:5)
  2 scorpions (D:6)
  A wyvern zombie (D:7)
  3 wyvern skeletons
  8 wights
  8 killer bees
  A howler monkey (D:4)
  Crazy Yiuf (D:2)
  A bullfrog zombie (D:5)
  2 hounds
  A jelly (D:7)
  2 orc priests
  A gnoll shaman (D:5)
  2 centaur skeletons (D:7)
  Ijyb (D:4)
  An orc wizard (D:7)
  2 killer bee zombies (D:7)
  A hound skeleton (D:4)
  A howler monkey zombie (D:7)
  Robin (D:4)
  7 gnolls
  14 adders
  2 river rats (D:3)
  A white imp (D:5)
  An ufetubus (D:4)
  A worm (D:3)
  2 dart slugs
  15 orcs
  22 endoplasms
  17 giant cockroaches
  16 goblins
  5 hobgoblins
  3 jackals (D:1)
  19 quokkas
  16 ball pythons
  3 bats
  7 frilled lizards
  33 kobolds
  10 rats
277 creatures vanquished.

Vanquished Creatures (others)
  20 fulminant prisms
  3 plants (D:7)
23 creatures vanquished.

Grand Total: 300 creatures vanquished

Notes
Turn   | Place    | Note
-------+----------+-------------------------------------------
     0 | D:1      | bnorton916 the Deep Elf Conjurer began the quest for the
                  | Orb.
     0 | D:1      | Reached XP level 1. HP: 10/10 MP: 6/6
     3 | D:1      | Noticed an electric eel
     4 | D:1      | Noticed an electric eel
   210 | D:1      | Reached XP level 2. HP: 15/15 MP: 4/8
   415 | D:1      | Learned a level 2 spell: Searing Ray
   554 | D:1      | Found a faded altar of an unknown god.
   742 | D:2      | Reached skill level 5 in Conjurations
   742 | D:2      | Reached XP level 3. HP: 19/19 MP: 6/10
  1005 | D:2      | Found a runed translucent door.
  1006 | D:2      | Noticed Crazy Yiuf
  1012 | D:2      | Killed Crazy Yiuf
  1013 | D:2      | Reached XP level 4. HP: 24/24 MP: 6/12
  1192 | D:2      | Found a white marble altar of Elyvilon.
  1223 | D:2      | Found Sexa's Book Shoppe.
  1550 | D:3      | Reached skill level 5 in Spellcasting
  1570 | D:3      | Learned a level 4 spell: Fulminant Prism
  1575 | D:3      | Learned a level 4 spell: Iskenderun's Mystic Blast
  1769 | D:3      | Found a glowing drain.
  1781 | D:3      | Reached skill level 1 in Hexes
  1783 | D:3      | Reached skill level 1 in Translocations
  1854 | Sewer    | Entered a sewer
  1863 | Sewer    | Reached XP level 5. HP: 28/28 MP: 5/14
  2418 | Sewer    | Reached skill level 2 in Hexes
  3443 | Sewer    | Reached skill level 3 in Hexes
  3790 | Sewer    | Reached XP level 6. HP: 19/32 MP: 3/15
  4280 | D:3      | Reached skill level 4 in Hexes
  4453 | D:3      | Found a bloodstained altar of Trog.
  4805 | D:4      | Identified the +0 helmet of Lamibudd {rPois rC+ Will++
                  | Str-2}
  4805 | D:4      | Noticed Robin
  5240 | D:4      | Found a white marble altar of Elyvilon.
  5440 | D:4      | Noticed Ijyb
  5447 | D:4      | Killed Ijyb
  5448 | D:4      | Reached skill level 5 in Hexes
  5776 | D:4      | Reached XP level 7. HP: 15/36 MP: 9/16
  5779 | D:4      | Killed Robin
  6182 | D:4      | Found Bodwab's Book Emporium.
  6511 | D:4      | Reached skill level 6 in Hexes
  6511 | D:4      | Reached skill level 5 in Translocations
  6610 | D:5      | Entered Level 5 of the Dungeon
  6964 | D:5      | Noticed Duvessa
  6983 | D:5      | Killed Duvessa
  6983 | D:5      | Noticed Dowan
  6990 | D:5      | Killed Dowan
  6991 | D:5      | Reached skill level 7 in Hexes
  7096 | D:5      | Noticed a yak
  7096 | D:5      | Noticed a yak
  7097 | D:5      | Noticed a yak
  7102 | D:5      | Killed a yak
  7102 | D:5      | Killed a yak
  7103 | D:5      | Reached skill level 8 in Hexes
  7103 | D:5      | Reached XP level 8. HP: 41/41 MP: 8/17
  7595 | D:4      | Reached skill level 9 in Hexes
  8070 | D:4      | HP: 2/41 [gnoll (2)]
  8917 | D:5      | Found a sacrificial altar of Ru.
  9002 | D:6      | Found an ornate altar of the Wu Jian Council.
  9118 | D:6      | Identified the +3 trident of Wariness {spect, Contam Will++
                  | Dex+3 SInv}
  9127 | D:6      | Reached XP level 9. HP: 36/45 MP: 9/18
  9412 | D:6      | Reached skill level 10 in Hexes
  9425 | D:6      | Found a transporter.
 10443 | D:6      | Identified 2 scrolls of acquirement
 10443 | D:6      | Acquired a staff of conjuration
 10449 | D:6      | Acquired 1044 gold pieces
 10707 | D:4      | Reached skill level 1 in Armour
 10930 | D:4      | Bought Aryuwk's Reference Book on Supportive Snow for 546
                  | gold pieces
 10934 | D:4      | Learned a level 3 spell: Ozocubu's Armour
 11342 | D:6      | Found an iron altar of Okawaru.
 11346 | D:6      | Reached skill level 1 in Ice Magic
 11507 | D:6      | Found a transporter.
 11661 | D:7      | Found a staircase to the Ecumenical Temple.
 11670 | Temple   | Entered the Ecumenical Temple
 11740 | Temple   | Became a worshipper of Gozag Ym Sagoz the Greedy
 12068 | D:7      | You fall into a shaft and drop 1 floor!
 12877 | D:8      | Reached skill level 5 in Dodging
 13557 | D:8      | Found a broken altar of Ashenzari.
 13658 | D:8      | Reached XP level 10. HP: 29/50 MP: 7/19
 14278 | D:7      | Identified the +3 dagger "Ragiojaq" {vamp, Dex+2}
 14696 | D:7      | Found a hazy altar of Hepliaklqana.
 15773 | D:7      | Reached skill level 5 in Ice Magic
 16520 | D:7      | Noticed a deep elf pyromancer
 16522 | D:7      | Noticed a cyclops
 16531 | D:7      | Killed a deep elf pyromancer
 16531 | D:7      | Noticed a boulder beetle
 16773 | D:7      | Killed a cyclops
 17135 | D:4      | Bought a book of Minor Magic for 234 gold pieces
 17139 | D:4      | Learned a level 3 spell: Mephitic Cloud
 17402 | D:7      | Found a radiant altar of Vehumet.
 17998 | D:7      | Mangled by a komodo dragon

Illustrated notes

Levels and vault maps discovered:
D:1:      arrival_aquarium_b, layout_rooms, chequers_ecumenical_altar_twisty
D:2:      layout_loops_ring, basic_altar, serial_shops, shop,
          amcnicky_mini_corridor_feature, uniq_crazy_yiuf_cottage
D:3:      layout_loops_ring, trog_hazing_becter, portal_sewer_entry_c
D:4:      layout_rooms, nicolae_elyvilon_temple_path, serial_shops, shop,
          uniq_ijyb, uniq_robin
D:5:      layout_rooms, nicolae_ru_awakened_eye, nicolae_underground_beach,
          uniq_duvessa
D:6:      gammafunk_cloud_chamber, layout_basic,
          mainiacjoe_overflow_catwalk_spiral, minmay_fractal_squares_gapless_5
D:7:      minmay_the_grid_triangle_9x9_rhombus_full
          [minmay_the_grid_triangle_9x9_steps,
          minmay_the_grid_triangle_9x9_thin_v,
          minmay_the_grid_triangle_9x9_corrupted_corridor,
          minmay_the_grid_triangle_9x9_windchime,
          minmay_the_grid_triangle_9x9_shrine,
          minmay_the_grid_triangle_9x9_wacky_v,
          minmay_the_grid_triangle_9x9_cache,
          minmay_the_grid_triangle_9x9_prize_schism], layout_layer_cave,
          vehumet_crystals, mainiacjoe_overflow_six_doors_small,
          minmay_temple_entry_trees, minmay_misc_feat_hallway,
          serial_park_tiny_2
D:8:      layout_basic, lemuel_round_altar
Temple:   cyrus_temple_forest

Skill      XL: |  1  2  3  4  5  6  7  8  9 10 |
---------------+-------------------------------+-----
Spellcasting   | 4 5 |  5.0
Conjurations   | 5 |  5.5
Hexes          | 1 3 5 8 9 10 | 10.6
Translocations | 1 3 4 6 8 9 |  9.0
Armour         | 3 4 |  4.0
Dodging        | 5 7 |  7.0
Ice Magic      | 3 8 |  8.7
Stealth        | |  2.4

Action                   |  1- 3 |  4- 6 |  7- 9 | 10-12 || total
-------------------------+-------+-------+-------+-------++-------
Melee: Short sword       |       |     1 |     5 |       ||     6
       Dagger            |       |       |     4 |       ||     4
       Trident           |       |       |     3 |    12 ||    15
 Cast: Magic Dart        |    40 |   182 |   105 |    94 ||   421
       Searing Ray       |     3 |    12 |    42 |    31 ||    88
       Iskenderun's Myst |       |     3 |    17 |     5 ||    25
       Fulminant Prism   |       |     1 |    16 |     4 ||    21
  Use: Scroll            |       |     5 |     7 |     4 ||    16
       Potion            |       |       |     5 |       ||     5
Armor: Robe              |       |    10 |    20 |    15 ||    45
Dodge: Dodged            |     1 |    32 |    54 |    54 ||   141
